 Seeded DCSS version 0.30-a0-341-g682706514a (webtiles) character file.

Game seed: 6296361568308551635 (custom seed)

56 Hubris850 the Insei (level 3, 0/23 HPs)
             Began as an Octopode Transmuter on Nov 4, 2022.
             Slain by an orc wizard
             ... wielding a +0 dagger
              (2 damage)
             ... on level 3 of the Dungeon.
             The game lasted 00:05:01 (1301 turns).

Hubris850 the Insei (Octopode Transmuter)           Turns: 1301, Time: 00:05:02

Health: 0/23       AC:  1    Str:  9    XL:     3   Next: 97%
Magic:  0/6        EV: 11    Int: 17    God:
Gold:   100        SH:  6    Dex: 12    Spells: 1/7 levels left

rFire   . . .      SeeInvis .      - Unarmed
rCold   . . .      Faith    .    c - +0 kite shield {rN+}
rNeg    + . .      Spirit   .    (helmet currently unavailable)
rPois   .          Reflect  .    (no amulet)
rElec   .          Harm     .    (no ring)
rCorr   .          Rampage  .    (no ring)
Will    .....                    (no ring)
Stlth   ++........               (no ring)
HPRegen 0.23/turn                (no ring)
MPRegen 0.10/turn                (no ring)
                                 (no ring)
                                 (no ring)

@: appendages, wereblooded, very slightly contaminated
A: tentacle spike 3, almost no armour, amphibious, 8 rings, camouflage 1,
gelatinous body 1, (nimble swimmer 1), tentacles
a: End Transformation


You were on level 3 of the Dungeon.
One of your tentacles had grown a beastly spike.
You visited 1 branch of the dungeon, and saw 3 of its levels.

You collected 100 gold pieces.

Inventory:

Missiles
 e - 2 poisoned darts
 i - 2 boomerangs
 k - 3 curare-tipped darts
Armour
 c - a +0 kite shield of positive energy (worn)
Scrolls
 d - a scroll of enchant weapon {unknown}
 l - a scroll of teleportation
Potions
 a - a potion of lignification
 b - a potion of mutation
 h - 3 potions of curing
 j - a potion of attraction
 m - a potion of heal wounds
 n - a potion of haste {unknown}


   Skills:
 - Level 1.0 Fighting
 + Level 2.6 Dodging
 + Level 0.1 Shields
 + Level 3.4 Unarmed Combat
 + Level 2.5 Spellcasting
 + Level 2.6 Transmutations


You had one spell level left.
You knew the following spells:

 Your Spells              Type           Power      Damage    Failure   Level
a - Beastly Appendage     Tmut           22%        N/A       22%         1
b - Wereblood             Tmut           11%        N/A       32%         2
c - Spider Form           Tmut/Pois      6%         N/A       75%         3

Your spell library contained the following spells:

 Spells                   Type           Power      Damage    Failure   Level
 Ice Form                 Ice/Tmut       6%         N/A       98%         4


Dungeon Overview and Level Annotations

Branches:
Dungeon (3/15)

Altars:

Shops:
D:1 =


Innate Abilities, Weirdness & Mutations

One of your tentacles has grown a beastly spike.
You cannot wear most types of armour.
You are amphibious.
You can wear up to eight rings at the same time.
Your skin changes colour to match your surroundings (Stealth+).
Your rubbery body absorbs attacks. (AC +1, EV +1)
((You are camouflaged when in or above water. (Stealth+)))
You have tentacles for arms and can constrict up to eight enemies at once.


Message History

The orc wizard flickers and vanishes!
Deactivating autopickup; reactivate with Ctrl-A.
The orc barely misses you.
Casting: Beastly Appendage (safe; 22% risk of failure)
Confirm with . or Enter, or press ? or * to list all spells.
The spell is quite dangerous to miscast (32% risk of failure)!
Continue anyway?
Your blood is infused with primal strength.
The endoplasm freezes you.
You are frozen.
You block the orc's attack.
Casting: Wereblood (quite dangerous; 32% risk of failure)
Confirm with . or Enter, or press ? or * to list all spells.
The spell is astonishingly dangerous to miscast (75% risk of failure)!
Continue anyway?
You miscast Spider Form.
You are very lightly contaminated with residual magic.
Your body is flooded with distortional energies.
You block the endoplasm's attack. Something hits you.
The orc hits you with a +0 whip.
You tentacle-slap the endoplasm.
The endoplasm is severely wounded.
The endoplasm jiggles.
The endoplasm closely misses you. Something hits you.
The orc barely misses you. The orc hits you with a +0 whip.
The endoplasm barely misses you. Something hits you.
* * * LOW HITPOINT WARNING * * *
You tentacle-slap the endoplasm.
You feel a bit better.
You kill the endoplasm!
You howl as the wereblood boils in your veins!
Something hits you.
* * * LOW HITPOINT WARNING * * *
The orc hits you with a +0 whip.
* * * LOW HITPOINT WARNING * * *
You barely miss the orc. You grab the orc.
You pierce the orc.
The orc is moderately wounded.
You constrict the orc. Something hits you but does no damage.
The orc closely misses you.
You tentacle-slap the orc. You squeeze the orc.
You feel a bit better.
You kill the orc!
You howl as the wereblood boils in your veins!
Something hits you.
You die...

..##.......##.##
....##.#####...#
.##.##.# #...# .##.##.#
#...# .......# #...# #
......## #..)# #.##
.##.#.######...####.....
....#.......<..$....#
.#.............$@...#
.#.##...........){..#
......#####....#.##.....
##.#### #....#.# #.##
#.# #.......# .. ##.#
.........# # ...#
##.......# #### ....
...#


There were no monsters in sight!

Vanquished Creatures
  A worm (D:2)
  A dart slug (D:1)
  2 orcs (D:3)
  3 ball pythons
  6 endoplasms
  2 giant cockroaches (D:1)
  4 goblins
  2 hobgoblins
  4 jackals (D:2)
  2 quokkas
  8 bats
  3 frilled lizards (D:2)
  6 kobolds
  4 rats
48 creatures vanquished.

Notes
Turn   | Place    | Note
-------+----------+-------------------------------------------
     0 | D:1      | Hubris850 the Octopode Transmuter began the quest for the
                  | Orb.
     0 | D:1      | Reached XP level 1. HP: 13/13 MP: 3/3
   123 | D:1      | Reached XP level 2. HP: 12/18 MP: 5/5
   218 | D:1      | Found a faded altar of an unknown god.
   345 | D:1      | Found Nadu Qea's One-of-a-Kind Rings.
   460 | D:2      | Learned a level 2 spell: Wereblood
   493 | D:2      | Reached XP level 3. HP: 23/23 MP: 6/6
   651 | D:2      | Learned a level 3 spell: Spider Form
  1121 | D:2      | Identified a scroll of acquirement
  1121 | D:2      | Acquired a +0 kite shield of positive energy
  1299 | D:3      | HP: 1/23 [orc/+0 whip (4)]
  1301 | D:3      | Slain by an orc wizard

Illustrated notes

Levels and vault maps discovered:
D:1:      nicolae_arrival_memento_mori, layout_rooms,
          dreamdust_ecumenical_altar_angels_and_demons,
          nicolae_shop_unique_rings, nicolae_figureground_pulse
D:2:      layout_rooms, kennysheep_cross_room, minmay_tromino_mix6
D:3:      layout_loops_cross, uniq_grinder, uniq_crazy_yiuf_cottage

Action                   || total
-------------------------++-------
Melee: Unarmed           ||   105
       Constrict         ||    28
       Tentacles         ||    32
       Punch             ||     5
       Kick              ||     1
 Cast: Beastly Appendage ||     1
       Wereblood         ||     1
  Use: Scroll            ||    12
 Stab: Sleeping          ||    10
Armor: Skin              ||    14
Dodge: Dodged            ||    54
Block: Kite shield       ||     2

Table legend: (Time is in decaauts)
 A = Elapsed time spent in this place.
 B = Non-inter-level travel time spent in this place.
 C = Inter-level travel time spent in this place.
 D = Time resting spent in this place.
 E = Time spent auto-exploring this place.
 F = Levels seen in this place.
 G = Mean time per level.
                   A        B        C        D        E       F      G
               +--------+--------+--------+--------+--------+-----+--------+
         Total |   1296 |   1268 |     28 |    147 |    740 |   3 |  432.0 |
       Dungeon |   1296 |   1268 |     28 |    147 |    740 |   3 |  432.0 |
               +--------+--------+--------+--------+--------+-----+--------+

Top non-repeatable levels by time:
     D:2: 707 daAuts
     D:1: 432 daAuts
     D:3: 156 daAuts
